 Dungeon Crawl Stone Soup version 0.32-a0-131-g9dbbe29261 (webtiles) character file.

Game seed: 5636606173596045972

35 cforsyth the Magician (level 3, 0/28 HPs)
             Began as a Djinni Hexslinger on Feb 9, 2024.
             Slain by a hobgoblin (6 damage)
             ... led by Robin
             ... on level 2 of the Dungeon.
             The game lasted 00:01:31 (1260 turns).

cforsyth the Magician (Djinni Hexslinger)           Turns: 1260, Time: 00:01:32

Health: 0/28       AC:  2    Str:  7    XL:     3   Next: 52%
Gold:   167        EV: 12    Int: 16    God:
                   SH:  0    Dex: 15

rFire   + + .        a - +1 sling
rCold   x . .        (no shield)
rNeg    . . .        c - +0 robe
rPois   ∞            (no helmet)
rElec   .            (no cloak)
rCorr   .            (no gloves)
SInv    .            (boots unavailable)
Will    .....        (no amulet)
Stlth   +            (no ring)
HPRegen 0.24/turn    (no ring)
MPRegen 0.00/turn

%: infuse magic (-1 HP)
@: flying
A: sickness immunity, fire resistance 2, cold vulnerability 1, float, innate
caster, HP casting, extra vitality 1
a: no special abilities


You were on level 2 of the Dungeon.
You visited 1 branch of the dungeon, and saw 2 of its levels.

You collected 167 gold pieces.


Innate Abilities, Weirdness & Mutations

You are immune to sickness and miasma.
You are immune to poison.
Your flesh is very heat resistant. (rF++)
You are vulnerable to cold. (rC-)
You float through the air rather than walking.
You learn spells naturally, not from books.
Your magical power is your life essence.
You have superior vitality. (+4 MHP)


   Skills:
 + Level 2.3 Fighting
 - Level 1.5 Ranged Weapons
 - Level 2.1 Dodging
 + Level 3.1 Spellcasting
 + Level 3.1 Conjurations
 + Level 3.1 Hexes
 + Level 3.1 Summonings
 + Level 3.1 Necromancy
 + Level 3.1 Translocations
 + Level 3.1 Fire Magic
 + Level 3.1 Ice Magic
 + Level 3.1 Air Magic
 + Level 3.1 Earth Magic
 + Level 3.1 Alchemy


You knew the following spells:

 Your Spells              Type           Power      Damage    Failure   Level
c - Cause Fear            Hex            6%         N/A       45%         4
f - Inner Flame           Hex/Fire       12%        N/A       16%         3
s - Slow                  Hex            48%        N/A       4%          1
X - Jinxbite              Hex            24%        N/A       8%          2
Y - Sigil of Binding      Hex            12%        N/A       16%         3
Z - Dimensional Bullseye  Hex/Tloc       6%         N/A       45%         4
Your spell library was empty.

Inventory:

Hand Weapons
 a - a +1 sling (weapon)
Armour
 c - a +0 robe (worn)
Scrolls
 d - 2 scrolls of fog {unknown}
 e - a scroll of fear {unknown}
 f - a scroll of amnesia {unknown}
 h - a scroll of blinking {unknown}
Potions
 b - a potion of enlightenment {unknown}
 g - 2 potions of resistance {unknown}

Dungeon Overview and Level Annotations

Branches:
Dungeon (2/15)

Altars:
Ashenzari

Annotations:
D:2 Robin

#+ #. #........###.# #.#.#.
#.###.##............###.#.#.
.................>.....#.#.
#.........##.###.######.#.
+.........##......# #.#.
##.........######..# #.#.
#..........# #..# #.#.
#..........# #..# #.#.
#........g@# ...# #.#.
#........gg# ## #.##
##.......g.# #...
#########g..# #### g.g.#
gg..# .gg.)# ..(..# ...g..#


You could see Robin, 3 hobgoblins and 7 goblins.


Message History

The goblin shouts!
The hobgoblin shouts! x2; The goblin shouts!
Robin throws the goblin at you! The goblin hits you with a +0 dagger.
A goblin comes into view. It is wielding a +0 dagger. x3
The hobgoblin moves out of view.
The goblin shouts!
Unknown command.
You shoot a sling bullet.
The sling bullet closely misses the goblin.
The goblin shouts!
Robin roars a battlecry!
The goblins go into a battle-frenzy!
The goblin hits you with a +0 dagger.
A goblin comes into view. It is wielding a +0 dagger.
The goblin closely misses you.
The goblin shouts!
Unknown command.
Robin flexes a bicep menacingly.
Robin throws the goblin at you!
The goblin hits you with a +0 dagger. x2
You shoot a sling bullet.
The sling bullet barely misses the goblin.
The goblin hits you with a +0 dagger. The hobgoblin hits you.
A goblin comes into view. It is wielding a +0 club.
The goblin hits you with a +0 dagger.
* * * LOW HITPOINT WARNING * * *
Unknown command.
The goblin hits you with a +0 dagger.
* * * LOW HITPOINT WARNING * * *
The hobgoblin attacks as it pursues you!
The hobgoblin hits you.
You die...

Skill      XL: |  1  2 |
---------------+-------+-----
Spellcasting   | 3 |  3.1
Conjurations   | 3 |  3.1
Hexes          | 3 |  3.1
Summonings     | 3 |  3.1
Necromancy     | 3 |  3.1
Translocations | 3 |  3.1
Fire Magic     | 3 |  3.1
Ice Magic      | 3 |  3.1
Air Magic      | 3 |  3.1
Earth Magic    | 3 |  3.1
Alchemy        | 3 |  3.1
Fighting       | 2 |  2.3
Ranged Weapons | |  1.5
Dodging        | |  2.1

Action                     || total
---------------------------++-------
   Fire: Sling             ||   104
    Use: Scroll            ||     1
 Armour: Robe              ||    49
  Dodge: Dodged            ||    71

Levels and vault maps discovered:
D:1:      eino_arrival_druids_welcome, layout_basic
D:2:      layout_basic, basic_altar, uniq_robin

Notes
Turn   | Place    | Note
-------+----------+-------------------------------------------
     0 | D:1      | cforsyth the Djinni Hexslinger began the quest for the Orb.
     0 | D:1      | cforsyth set off with the following spells memorised:
                  | Jinxbite, Sigil of Binding, Inner Flame, Cause Fear,
                  | Dimensional Bullseye.
     0 | D:1      | Reached XP level 1. HP: 17/17 MP: 0/0
    45 | D:1      | Reached XP level 2. HP: 22/22 MP: 0/0
    81 | D:1      | HP: 1/22 [jackal (2)]
   221 | D:1      | Reached skill level 3 in Spellcasting
   221 | D:1      | Reached skill level 3 in Conjurations
   221 | D:1      | Reached skill level 3 in Hexes
   221 | D:1      | Reached skill level 3 in Summonings
   221 | D:1      | Reached skill level 3 in Necromancy
   221 | D:1      | Reached skill level 3 in Translocations
   221 | D:1      | Reached skill level 3 in Fire Magic
   221 | D:1      | Reached skill level 3 in Ice Magic
   221 | D:1      | Reached skill level 3 in Air Magic
   221 | D:1      | Reached skill level 3 in Earth Magic
   221 | D:1      | Reached skill level 3 in Alchemy
   268 | D:1      | Reached skill level 2 in Fighting
   268 | D:1      | Reached XP level 3. HP: 28/28 MP: 0/0
   268 | D:1      | Learned a level 1 spell: Slow
  1115 | D:2      | Found a broken altar of Ashenzari.
  1256 | D:2      | Noticed Robin
  1260 | D:2      | Slain by a hobgoblin

Vanquished Creatures
  2 dart slugs
  A ball python (D:1)
  4 bats (D:1)
  2 endoplasms (D:1)
  3 giant cockroaches (D:1)
  4 hobgoblins (D:1)
  4 jackals
  A quokka (D:1)
  A frilled lizard (D:1)
  A goblin (D:2)
  A kobold (D:1)
  2 rats (D:1)
26 creatures vanquished.

Table legend: (Time is in decaauts)
 A = Elapsed time spent in this place.
 B = Non-inter-level travel time spent in this place.
 C = Inter-level travel time spent in this place.
 D = Time resting spent in this place.
 E = Time spent auto-exploring this place.
 F = Levels seen in this place.
 G = Mean time per level.
                   A        B        C        D        E       F      G
               +--------+--------+--------+--------+--------+-----+--------+
         Total |   1295 |   1288 |      7 |     81 |    982 |   2 |  647.5 |
       Dungeon |   1295 |   1288 |      7 |     81 |    982 |   2 |  647.5 |
               +--------+--------+--------+--------+--------+-----+--------+

Top non-repeatable levels by time:
     D:1: 1059 daAuts
     D:2: 236 daAuts

Table legend:
 A = Non-vault XP
 B = Vault XP
 C = Vault XP percentage of total XP
 D = Non-vault monster count
 E = Vault monster count
 F = Vault count percentage of total count
                 A         B        C        D         E       F
            +---------+---------+-------+---------+---------+-------
      Total |      49 |       1 |   2.0 |      25 |       1 |   3.8
            +---------+---------+-------+---------+---------+-------
        D:1 |      43 |       0 |   0.0 |      23 |       0 |   0.0
        D:2 |       6 |       1 |  14.3 |       2 |       1 |  33.3
            +---------+---------+-------+---------+---------+-------
